 Dungeon Crawl Stone Soup version 0.19.1 (webtiles) character file.

9156 Fisto the Basher (level 11, -2/115 HPs)
             Began as an Ogre Fighter on Nov 10, 2017.
             Was a Priest of Dithmenos.
             Slain by a yak (12 damage)
             ... on level 1 of the Lair of Beasts.
             The game lasted 01:30:04 (13205 turns).

Fisto the Basher (Ogre Fighter)                    Turns: 13205, Time: 01:30:04

Health: -2/115     AC:  6    Str: 29 (31) XL:     11   Next: 42%
Magic:  0/14       EV: 10    Int:  6 (7)  God:    Dithmenos [***...]
Gold:   51         SH: 12    Dex:  6 (9)  Spells: 0 memorised, 15 levels left

rFire  . . .     SeeInvis .     n - +3 mace
rCold  . . .     Gourm    .     H - +0 troll leather armour
rNeg   . . .     Faith    .     c - +1 shield
rPois  +         Spirit   +     (helmet restricted)
rElec  .         Reflect  .     w - +0 cloak
rCorr  .         Harm     .     (gloves unavailable)
MR     +....                    (boots unavailable)
Stlth  ++........               p - amulet of guardian spirit
                                e - ring of poison resistance
                                (no ring)

@: mighty, wreathed by umbra
A: unfitting armour, deterioration 1, tough skin 1
a: Shadow Step, Renounce Religion


You were on level 1 of the Lair of Beasts.
You worshipped Dithmenos.
Dithmenos was most pleased with you.
You were hungry.

You visited 2 branches of the dungeon, and saw 10 of its levels.

You collected 411 gold pieces.
You spent 360 gold pieces at shops.

Inventory:

Hand Weapons
 m - a +0 blowgun
 n - a +3 mace (weapon)
 y - a +2 dagger of speed
Missiles
 r - 24 poisoned needles
 K - 2 curare-tipped needles
Armour
 c - a +1 shield (worn)
 w - a +0 cloak (worn)
 H - a +0 troll leather armour (worn)
Jewellery
 e - a ring of poison resistance (right hand)
 p - an amulet of guardian spirit (around neck)
Wands
 a - a wand of slowing (14/48)
 g - a wand of paralysis (7/24)
 s - a wand of random effects (31/48)
Scrolls
 d - 4 scrolls of amnesia
 o - 2 scrolls of remove curse
 q - 2 scrolls of enchant armour
 t - a scroll of magic mapping {unknown}
 D - a scroll of noise
 J - 2 scrolls of enchant weapon {unknown}
Potions
 h - a potion of agility
 G - a potion of brilliance
Comestibles
 f - 4 bread rations
 j - 2 meat rations
 v - a royal jelly
 x - a beef jerky
 F - 22 fruits


   Skills:
 + Level 9.4 Fighting
 + Level 1.5 Short Blades
 + Level 12.3 Maces & Flails
 + Level 4.0 Throwing
 + Level 2.3 Armour
 + Level 6.8 Dodging
 + Level 3.1 Stealth
 + Level 7.8 Shields
 + Level 2.1 Unarmed Combat
 + Level 2.6 Spellcasting
 + Level 2.6 Invocations
 + Level 2.2 Evocations


You had 15 spell levels left.
You didn't know any spells.

Dungeon Overview and Level Annotations

Branches:
Dungeon (9/15)             Temple (0/1) D:5            Lair (1/6) D:9
    Orc: D:9-12

Altars:
Dithmenos
Makhleb
Nemelex Xobeh
Qazlal
Xom

Shops:
D:7 =


Innate Abilities, Weirdness & Mutations

You are too large for most types of armour.
You have tough skin. (AC +1)
Your body sometimes deteriorates upon taking damage.


Message History

You sock the crocodile!
The crocodile is severely wounded.
The crocodile bites you!
* * * LOW HITPOINT WARNING * * *
You sock the crocodile!
You kill the crocodile!
Dithmenos accepts your kill.
You feel your strength returning. The yak completely misses you.
You thump the yak!
The yak is severely wounded.
You block the yak's attack. The yak gores you!
* * * LOW HITPOINT WARNING * * *
You barely miss the yak.
The yak is severely wounded.
You block the yak's attack.
You sock the yak!
The yak is almost dead.
The yak gores you!
You die...

### ######
############.###.##.##########
.................Y...........#
................@Y.†.........#
............#.######.........##
............### #..........#
............# #.........##
............# #..........#
............# #......>...#
............# #..........#
............# #....$....##
............# #.........#


You could see 2 yaks.

Vanquished Creatures
  A komodo dragon (Lair:1)
  A troll (D:9)
  2 two-headed ogres
  Grinder (D:3)
  A hippogriff (D:9)
  2 yaks (Lair:1)
  A wyvern (D:8)
  A hungry ghost (D:9)
  2 water moccasins
  A sky beast (D:7)
  2 ice beasts
  3 ogres (D:8)
  3 centaurs
  A crocodile (Lair:1)
  4 big kobolds
  A wyvern zombie (D:7)
  4 bullfrogs
  A scorpion (D:9)
  A wight (D:9)
  3 howler monkeys
  4 crimson imps
  A centaur zombie (D:5)
  A quasit (D:9)
  A bullfrog zombie (D:7)
  A hound (D:8)
  5 orc priests
  A jelly (D:3)
  A bullfrog skeleton (D:5)
  A centaur skeleton (D:9)
  4 iguanas
  6 orc wizards
  11 worker ants
  A killer bee zombie (D:6)
  A hound zombie (D:8)
  A worker ant zombie (D:5)
  A howler monkey skeleton (D:6)
  10 gnolls
  9 adders
  A shadow imp (D:7)
  An adder skeleton (D:8)
  4 worms (D:2)
  3 dart slugs
  8 leopard geckos
  31 orcs
  7 giant cockroaches
  10 goblins
  5 hobgoblins
  11 jackals
  4 quokkas
  3 ball pythons
  5 bats
  14 frilled lizards
  19 kobolds
  A quokka skeleton (D:6)
  7 rats
  8 fungi (D:9)
238 creatures vanquished.

Vanquished Creatures (others)
  A troll (D:9)
  An ogre (D:9)
  A hound (D:9)
  An adder (D:9)
4 creatures vanquished.

Grand Total: 242 creatures vanquished

Notes
Turn   | Place    | Note
-------+----------+-------------------------------------------
     0 | D:1      | Fisto the Ogre Fighter began the quest for the Orb.
     0 | D:1      | Reached XP level 1. HP: 24/24 MP: 1/1
   567 | D:1      | Reached XP level 2. HP: 31/32 MP: 2/2
   837 | D:1      | Reached skill level 3 in Maces & Flails
  1289 | D:1      | Reached XP level 3. HP: 40/40 MP: 3/3
  1745 | D:2      | Reached XP level 4. HP: 35/49 MP: 4/4
  2079 | D:2      | Reached skill level 4 in Maces & Flails
  2671 | D:3      | Noticed Grinder
  2690 | D:3      | Killed Grinder
  2690 | D:3      | Reached skill level 5 in Fighting
  2690 | D:3      | Reached skill level 5 in Maces & Flails
  2690 | D:3      | Reached XP level 5. HP: 10/57 MP: 5/5
  2690 | D:3      | Reached XP level 6. HP: 12/66 MP: 6/6
  2978 | D:3      | Found a shadowy altar of Dithmenos.
  3184 | D:3      | Gained mutation: You are partially covered in icy blue scales. (AC +2) [potion of beneficial mutation]
  3272 | D:3      | Became a worshipper of Dithmenos the Shadowed
  3392 | D:3      | Reached skill level 6 in Maces & Flails
  4141 | D:5      | Entered Level 5 of the Dungeon
  4149 | D:5      | Lost mutation: You are partially covered in icy blue scales. (AC +2) [potion of cure mutation]
  4150 | D:5      | HP: 1/66 [something/puff of frost (8)]
  4482 | D:5      | Reached XP level 7. HP: 72/72 MP: 7/7
  4503 | D:5      | Reached * piety under Dithmenos
  4539 | D:5      | Reached skill level 7 in Maces & Flails
  5218 | D:5      | Reached skill level 1 in Stealth
  5353 | D:5      | Found a staircase to the Ecumenical Temple.
  5442 | D:5      | Reached skill level 1 in Throwing
  5956 | D:5      | Got a brightly glowing war axe
  5959 | D:5      | Identified the +7 war axe of Xoweder {flame, *Contam rF++} (You found it on level 5 of the Dungeon)
  5999 | D:5      | Gained mutation: Your body sometimes deteriorates upon taking damage. [mutagenic glow]
  6064 | D:6      | Reached XP level 8. HP: 55/83 MP: 8/8
  6575 | D:6      | Reached skill level 8 in Maces & Flails
  6604 | D:7      | Reached skill level 5 in Shields
  6680 | D:7      | HP: 4/84 [orc/mace (4)]
  7293 | D:7      | Found Eduicug's Jewellery Shop.
  7307 | D:7      | Reached ** piety under Dithmenos
  7468 | D:8      | Noticed a two-headed ogre
  8144 | D:8      | Noticed a two-headed ogre
  8227 | D:6      | Reached skill level 9 in Maces & Flails
  8942 | D:5      | Killed a two-headed ogre
  8942 | D:5      | Reached skill level 5 in Dodging
  8942 | D:5      | Reached XP level 9. HP: 22/93 MP: 9/9
  9403 | D:6      | Found a sparkling altar of Nemelex Xobeh.
  9488 | D:7      | Bought an uncursed amulet of guardian spirit for 360 gold pieces
  9754 | D:8      | Found a sparkling altar of Nemelex Xobeh.
  9762 | D:8      | Found a burning altar of Makhleb.
  9766 | D:8      | Found a stormy altar of Qazlal.
  9975 | D:7      | Killed a two-headed ogre
 10524 | D:8      | Reached skill level 10 in Maces & Flails
 11291 | D:9      | Killed a troll
 11329 | D:9      | Reached XP level 10. HP: 104/104 MP: 10/10
 11536 | D:9      | Noticed a cyclops
 11552 | D:9      | Found a shimmering altar of Xom.
 11899 | D:9      | Reached skill level 11 in Maces & Flails
 12262 | D:9      | Reached *** piety under Dithmenos
 12326 | D:9      | Found a staircase to the Lair.
 12538 | Lair:1   | Entered Level 1 of the Lair of Beasts
 12635 | D:9      | Reached skill level 1 in Short Blades
 12635 | D:9      | Reached skill level 12 in Maces & Flails
 12635 | D:9      | Reached skill level 1 in Armour
 12635 | D:9      | Reached XP level 11. HP: 32/115 MP: 6/14
 13205 | Lair:1   | Slain by a yak

Skill      XL: |  1  2  3  4  5  6  7  8  9 10 11 |
---------------+----------------------------------+-----
Maces & Flails | 3 5 6 7 9 10 12 | 12.3
Dodging        | 3 4 5 6 |  6.8
Shields        | 3 4 5 6 7 |  7.8
Fighting       | 5 6 7 8 9 |  9.4
Stealth        | 1 2 3 |  3.1
Throwing       | 1 2 4 |  4.0
Short Blades   | 1 |  1.5
Armour         | 1 2 |  2.3
Unarmed Combat | 2 |  2.1
Spellcasting   | 2 |  2.6
Invocations    | 2 |  2.6
Evocations     | 2 |  2.2

Action                   |  1- 3 |  4- 6 |  7- 9 | 10-12 || total
-------------------------+-------+-------+-------+-------++-------
Melee: Flail             |   140 |   216 |    17 |       ||   373
       Mace              |       |       |   481 |   235 ||   716
 Fire: Blowgun           |       |       |    39 |     8 ||    47
Invok: Shadow Step       |       |       |     1 |       ||     1
Evoke: Wand              |       |       |     2 |     6 ||     8
  Use: Potion            |       |     4 |     5 |     8 ||    17
       Scroll            |       |     4 |     8 |     3 ||    15
 Stab: Sleeping          |       |     1 |     3 |       ||     4
       Distracted        |       |       |     1 |       ||     1
  Eat: Chunk             |     2 |     3 |     5 |     3 ||    13
       Fruit             |     1 |     1 |       |     2 ||     4
       Meat ration       |       |     1 |     3 |       ||     4
       Beef jerky        |       |       |     2 |     1 ||     3
       Pizza             |       |       |     1 |       ||     1
Armor: Robe              |    29 |    62 |    63 |    15 ||   169
       Skin              |       |       |     2 |       ||     2
       Troll leather arm |       |       |       |    11 ||    11
Dodge: Dodged            |    51 |    84 |   206 |    88 ||   429
Block: Shield            |    47 |   104 |   282 |   121 ||   554
